 Dungeon Crawl Stone Soup version 0.31-a0-1178-gc5c9b8f871 (webtiles) character file.

Game seed: 16351924741488953385

81 qw the Shooter (level 4, -13/28 HPs)
             Began as a Gargoyle Hunter on Dec 11, 2023.
             Engulfed by a cloud of flame (17 damage)
             ... on level 3 of the Dungeon.
             The game lasted 00:00:26 (1635 turns).

qw the Shooter (Gargoyle Hunter)                    Turns: 1635, Time: 00:00:27

Health: -13/28     AC:  7    Str: 14    XL:     4   Next: 40%
Magic:  4/4        EV: 11    Int: 10    God:
Gold:   119        SH:  0    Dex: 15    Spells: 3/3 levels left

rFire   . . .        a - +0 shortbow
rCold   . . .        (shield currently unavailable)
rNeg    + . .        c - +0 leather armour
rPois   inf          (no helmet)
rElec   +            (no cloak)
rCorr   .            (no gloves)
SInv    .            f - +0 pair of boots
Will    .....        (no amulet)
Stlth   +            (no ring)
HPRegen 0.24/turn    (no ring)
MPRegen 0.09/turn

%: no passive effects
@: confused, ambrosia-drunk
A: sickness immunity, AC +3, negative energy resistance 1, electricity
resistance, torment resistance 1, petrification resistance
a: no special abilities


You were on level 3 of the Dungeon.
You visited 1 branch of the dungeon, and saw 3 of its levels.

You collected 119 gold pieces.


Innate Abilities, Weirdness & Mutations

You are immune to sickness and miasma.
Your stone body is resilient. (AC +3)
You are immune to poison.
You resist negative energy. (rN+)
You are resistant to electric shocks. (rElec)
You are resistant to unholy torment.
You are immune to petrification.


   Skills:
 - Level 3.0 Fighting
 + Level 5.4 Ranged Weapons
 - Level 1.5 Dodging
 - Level 1.1 Stealth


You had 3 spell levels left.
You didn't know any spells.
Your spell library was empty.

Inventory:

Hand Weapons
 a - a +0 shortbow (weapon)
Armour
 c - a +0 leather armour (worn)
 f - a +0 pair of boots (worn)
Jewellery
 j - a ring of fire
Scrolls
 g - a scroll of identify {unknown}
Potions
 d - a potion of magic {unknown}
 e - a potion of curing {unknown}
 h - a potion of haste {unknown}
 i - a potion of heal wounds {unknown}

Dungeon Overview and Level Annotations

Branches:
Dungeon (3/15)

Altars:
Xom


Message History

You open the door.
The walls suddenly crumble! 5 dream sheep come into view.
A dream sheep catches fire!
The dream sheep panics and turns to flee.
A dream sheep catches fire!
The dream sheep panics and turns to flee.
A dream sheep catches fire!
The dream sheep is struck with panic!
A dream sheep catches fire!
The dream sheep is struck with panic!
A dream sheep catches fire!
The dream sheep panics and turns to flee.
You hear mad divine giggling.
Found a shimmering altar of Xom.
You shoot an arrow. The dream sheep bleats! x3
The arrow hits the dream sheep but does no damage.
Your attack snaps the dream sheep out of its fear.
The dream sheep burns! x10
You shoot an arrow.
The arrow hits the dream sheep but does no damage.
The dream sheep is moderately wounded.
The dream sheep burns! x5; The dream sheep headbutts you.
You shoot an arrow. The arrow hits the dream sheep.
Flame seeps out of the dream sheep.
The dream sheep is heavily wounded.
The dream sheep burns! x5
The dream sheep explodes!
The fiery explosion engulfs the dream sheep!
The dream sheep explodes! x2
The dream sheep is engulfed in blazing flames.
The dream sheep explodes!
The fiery explosion engulfs you!!
Ouch! That really hurt!
1635 ||| DRINKING inky potion.
It was a potion of ambrosia.
You are confused.
You feel invigorated.
You are engulfed in blazing flames.
Ouch! That really hurt!
You die...

#.####..#####...## ##...#
####.#####¤¤¤..¤¤..# #.#...
#........#..¤..¤...# ##.#..
#.##.###.#¤...¤¤¤.Y# ##.#.
#.##.# #.#...¤¤¤...# ###.
#.##.###.#...._....## #.
#.##....>....¤¤¤....######## #.
#.######.#...¤0....#.......# #.
#............¤@.........##.###.
#########..........#.##........
#########..#.#####(####
#.##.......# #.########## #.#
###### #.# #..... #.# #.####
#####.# ##.####


You could see a dream sheep (inner flame, fleeing, burning).

Vanquished Creatures
  3 adders (D:2)
  A worm (D:2)
  2 dart slugs
  4 bats
  3 endoplasms (D:1)
  A giant cockroach (D:1)
  3 goblins
  2 hobgoblins
  6 kobolds
  A ball python (D:1)
  2 frilled lizards
  2 rats
30 creatures vanquished.

Vanquished Creatures (others)
  4 dream sheep (D:3)
4 creatures vanquished.

Grand Total: 34 creatures vanquished

Notes
Turn   | Place    | Note
-------+----------+-------------------------------------------
     0 | D:1      | qw the Gargoyle Hunter began the quest for the Orb.
     0 | D:1      | Reached XP level 1. HP: 12/12 MP: 1/1
     0 | D:1      | 0 ||| qw: Version: 0.3-a-106-g2cfff9e
     0 | D:1      | 0 ||| qw: Game counter: 2049
     0 | D:1      | 0 ||| qw: Melee chars always use a shield: true
     0 | D:1      | 0 ||| qw: God list: Okawaru
     0 | D:1      | 0 ||| qw: Allow faded altars: false
     0 | D:1      | 0 ||| qw: Do Orc after clearing Dungeon:15 true
     0 | D:1      | 0 ||| qw: Do second Lair branch before Depths: true
     0 | D:1      | 0 ||| qw: Lair rune preference: random
     0 | D:1      | 0 ||| qw: Goals: Normal, Save, Zot:1-4, Win
     0 | D:1      | 0 ||| PLANNING D:1-11
   114 | D:1      | You fall into a shaft and drop 1 floor!
   168 | D:2      | Reached XP level 2. HP: 15/17 MP: 2/2
   241 | D:2      | Reached XP level 3. HP: 19/21 MP: 3/3
   419 | D:2      | Reached skill level 5 in Ranged Weapons
   477 | D:2      | 477 ||| READING scroll labelled ODOCAX ZIWELE.
   480 | D:2      | 480 ||| DROPPING scroll of butterflies.
   613 | D:1      | Reached skill level 3 in Fighting
   865 | D:1      | 865 ||| UPGRADING to +0 pair of boots.
   870 | D:1      | 870 ||| READING 2 scrolls labelled JOMEOCS SYEH.
   871 | D:1      | 871 ||| READING scroll labelled CANUJA LINEHIY.
   872 | D:1      | 872 ||| DROPPING scroll of fear.
  1021 | D:2      | Reached XP level 4. HP: 28/28 MP: 4/4
  1631 | D:3      | Noticed a dream sheep
  1631 | D:3      | Noticed a dream sheep
  1631 | D:3      | Noticed a dream sheep
  1631 | D:3      | Noticed a dream sheep
  1631 | D:3      | Noticed a dream sheep
  1631 | D:3      | Found a shimmering altar of Xom.
  1634 | D:3      | Killed a dream sheep
  1634 | D:3      | Killed a dream sheep
  1634 | D:3      | Killed a dream sheep
  1634 | D:3      | Killed a dream sheep
  1634 | D:3      | HP: 4/28 [spore (23)]
  1635 | D:3      | 1635 ||| DRINKING inky potion.
  1635 | D:3      | Engulfed by a cloud of flame

Levels and vault maps discovered:
D:1:      minmay_arrival_radiant_lines, layout_basic
D:2:      layout_basic
D:3:      cheibrodos_thug_alley, layout_loops_corners, kb_xom_exploding_sheep

Skill      XL: |  1  2  3 |
---------------+----------+-----
Ranged Weapons | 5 |  5.4
Fighting       | 3 |  3.0
Dodging        | |  1.5
Stealth        | |  1.1

Action                     |  1- 3 |  4- 6 || total
---------------------------+-------+-------++-------
   Fire: Shortbow          |    64 |    15 ||    79
    Use: Scroll            |     3 |       ||     3
         Potion            |       |     1 ||     1
 Armour: Leather armour    |     8 |     4 ||    12
  Dodge: Dodged            |     9 |       ||     9

Table legend:
 A = Non-vault XP
 B = Vault XP
 C = Vault XP percentage of total XP
 D = Non-vault monster count
 E = Vault monster count
 F = Vault count percentage of total count
                 A         B        C        D         E       F
            +---------+---------+-------+---------+---------+-------
      Total |     116 |       0 |   0.0 |      31 |       0 |   0.0
            +---------+---------+-------+---------+---------+-------
        D:1 |      27 |       0 |   0.0 |      15 |       0 |   0.0
        D:2 |      61 |       0 |   0.0 |      11 |       0 |   0.0
        D:3 |      28 |       0 |   0.0 |       5 |       0 |   0.0
            +---------+---------+-------+---------+---------+-------
